 Dungeon Crawl Stone Soup version 0.27-a0-1322-gfdffb62a71 (webtiles) character file.

Game seed: 301490921503349897

100912 Alarak the Warrior (level 15, -2/156 HPs)
             Began as a Minotaur Berserker on June 22, 2021.
             Was the Champion of Trog.
             Slain by a polar bear (shapeshifter) (17 damage)
             ... on level 1 of the Elven Halls.
             The game lasted 01:14:44 (27759 turns).

Alarak the Warrior (Minotaur Berserker)            Turns: 27759, Time: 01:14:45

Health: -2/156     AC: 33    Str: 30    XL:     15   Next: 81%
Magic:  14/14      EV:  9    Int:  4    God:    Trog [******]
Gold:   2274       SH:  0    Dex: 11    Spells: 14/14 levels left

rFire    + + .     SeeInvis .   p - +12 glaive of Prune {vorpal}
rCold    + + .     Faith    .   (shield currently unavailable)
rNeg     . . .     Spirit   .   U - +9 plate armour "Vais Sau" {Str+3}
rPois    +         Reflect  .   d - +2 hat
rElec    +         Harm     .   P - scarf {rC+ rF+}
rCorr    +         Rampage  .   (no gloves)
Will     +....                  T - +0 pair of boots
Stlth    ..........             (no amulet)
HPRegen  0.36/turn              Q - +4 ring of protection
MPRegen  0.14/turn              X - +4 ring of slaying

@: lethally poisoned (-2 -> -17), about to teleport, resistant, on berserk
cooldown, hasted and slowed
A: horns 2, retaliatory headbutt
a: Renounce Religion, Berserk, Trog's Hand, Brothers in Arms


You were on level 1 of the Elven Halls.
You worshipped Trog.
Trog was exalted by your worship.
You visited 4 branches of the dungeon, and saw 23 of its levels.
You also visited: Sewer, Ossuary and Bailey.

You collected 2274 gold pieces.

Inventory:

Hand Weapons
 p - the +12 glaive of Prune (weapon) {vorpal}
   (You acquired it on level 6 of the Dungeon)

   It inflicts extra damage upon your enemies.
 x - a +2 bardiche of flaming
Missiles
 j - 2 boomerangs of dispersal
Armour
 d - a +2 hat (worn)
 P - a scarf of resistance (worn)
 T - a +0 pair of boots (worn)
 U - the +9 plate armour "Vais Sau" (worn) {Str+3}
   (You found it on level 11 of the Dungeon)

   It affects your strength (+3).
 W - a +0 kite shield
Jewellery
 a - an amulet of reflection
 b - a ring of willpower
 c - a ring of poison resistance
 e - a ring of protection from fire
 t - a +6 ring of dexterity
 u - a ring of ice
 E - a +4 ring of evasion
 N - an amulet of faith
 Q - a +4 ring of protection (left hand)
 X - a +4 ring of slaying (right hand)
 Z - a +4 ring of protection
Wands
 h - a wand of mindburst (13)
 r - a wand of digging (10)
 F - a wand of polymorph (16)
 L - a wand of acid (9)
 O - a wand of flame (6)
 S - a wand of iceblast (29)
 Y - a wand of paralysis (22)
Scrolls
 f - a scroll of blinking
 i - a scroll of silence
 k - 7 scrolls of teleportation
 n - 3 scrolls of identify
 q - 2 scrolls of acquirement
 s - 7 scrolls of enchant weapon
 w - 3 scrolls of enchant armour
 y - 2 scrolls of fear
 B - 7 scrolls of magic mapping
 C - 4 scrolls of fog
 H - a scroll of holy word
Potions
 g - 2 potions of cancellation
 l - a potion of heal wounds
 m - 7 potions of ambrosia
 o - 2 potions of haste
 v - 3 potions of resistance
 z - 6 potions of curing
 A - 5 potions of might
 D - 8 potions of magic
 J - 3 potions of attraction {unknown}
 M - 4 potions of flight {unknown}


   Skills:
 - Level 20.5 Fighting
 - Level 6.4 Long Blades
 + Level 18.1 Polearms
 - Level 14.4 Armour
 - Level 3.4 Dodging
 - Level 6.1 Evocations


You had 14 spell levels left.
You didn't know any spells.
Your spell library was empty.

Dungeon Overview and Level Annotations

Branches:
Dungeon (14/15)            Temple (0/1) D:4            Lair (6/6) D:9
 Shoals (0/4) Lair:3       Spider (0/4) Lair:3        Slime (0/5) Lair:6
    Orc (2/2) D:11            Elf (1/3) Orc:2        Vaults (0/5) D:13
  Sewer (visited)         Ossuary (visited)          Bailey (visited)

Altars:
Ashenzari
Cheibriados
Dithmenos
Fedhas
Kikubaaqudgha
Makhleb
Okawaru
Uskayaw
Xom
Zin
The Shining One
Beogh
Jiyva

Shops:
Orc:1 =   Orc:2 =[([

Annotations:
Lair:3 exclusion: ice statue
Lair:6 1 runed translucent door
Orc:1 1 transporter
Elf:1 1 transporter, Zoiloeb's ghost, adept CeHu


Innate Abilities, Weirdness & Mutations

You have a pair of horns on your head.
You reflexively headbutt those who attack you in melee.


Message History

Zoiloeb's ghost hits you but does no damage.
The polar bear bites you!
* * * LOW HITPOINT WARNING * * *
The polar bear barely misses you. The polar bear closely misses you.
You feel much better.
You feel very sick.
The polar bear bites you but does no damage.
The polar bear claws you.
* * * LOW HITPOINT WARNING * * *
The polar bear claws you but does no damage.
Zoiloeb's ghost hits you!
* * * LOW HITPOINT WARNING * * *
You feel much better.
You feel very sick. The polar bear closely misses you.
The polar bear claws you but does no damage.
The polar bear closely misses you. Zoiloeb's ghost hits you!
* * * LOW HITPOINT WARNING * * *
The polar bear bites you!
* * * LOW HITPOINT WARNING * * *
The polar bear claws you but does no damage.
The polar bear closely misses you.
As you read the scroll of teleportation, it crumbles to dust.
You feel strangely unstable.
You feel sick.
The polar bear bites you but does no damage.
The polar bear claws you but does no damage. x2
The raiju bites you but does no damage.
Zoiloeb's ghost wails.
Zoiloeb's ghost hits you!
* * * LOW HITPOINT WARNING * * *
You are lethally poisoned!
You feel much better.
You feel very sick. The polar bear closely misses you. You furiously retaliate!
You headbutt the polar bear!!
The polar bear claws you but does no damage. x2
The raiju bites you but does no damage. Zoiloeb's ghost hits you!
* * * LOW HITPOINT WARNING * * *
The polar bear bites you!
You die...

..# #..#####''###'##.... ..#
######..###.............. ..#
###................)...####
..#####...####.©.####........####
..'.....###. #####..##.......'...
..##...##..#...[.s...#....)..'...
..##...#....###[..##.##.#....#.##
..##...##.#...†h#h....#......#.##
..##....#...#.yW@.##..#......'..#
..##....#..##..#..(.."#......'.(#
####..#.#....#...#.$.##......#...
#..#.##......#....#.......#.##
#..+..##W###.W#####.#.....#.##
#..+...###©####.....#.....'..#
#######.......)....#####.....'...
..# ##.........### ##....##.. ..#
#######..## ##...###.


You could see a moth of wrath, a polar bear shaped shifter (berserk), an orb
spider (charged), a raiju and Zoiloeb's ghost.

Vanquished Creatures
  Gastronok (Lair:1)
  2 orc warlords (Orc:2)
  A fire dragon (Lair:6)
  A great orb of eyes (shapeshifter) (Elf:1)
  A boulder beetle (D:13)
  An ice dragon (D:13)
  11 hydras
  2 catoblepae (Lair:6)
  A centaur warrior (D:14)
  An anaconda (Lair:6)
  The ghost of Shym the Fighter, a novice MiBe of Trog (D:8)
  A satyr (shapeshifter) (Elf:1)
  2 two-headed ogres
  6 death yaks (Lair:6)
  4 dancing weapons (Elf:1)
  A tengu warrior (D:14)
  3 orc high priests (Orc:2)
  5 deep elf knights (Elf:1)
  3 skeletal warriors (D:13)
  A deep elf archer (Elf:1)
  A swamp dragon (Lair:6)
  11 deep elf zephyrmancers (Elf:1)
  9 deep elf pyromancers (Elf:1)
  A harpy (shapeshifter) (D:14)
  2 orc knights (Orc:2)
  A lindwurm (Lair:6)
  An orc sorcerer (Elf:1)
  2 cyclopes
  2 ugly things
  A moth of wrath (Elf:1)
  4 manticores
  21 elephants
  3 black mambas
  An elephant (shapeshifter) (Elf:1)
  A guardian serpent (D:12)
  A guardian serpent (shapeshifter) (Elf:1)
  3 torpor snails
  3 gargoyles
  10 cane toads
  Psyche (D:8)
  Maggie (D:10)
  10 rime drakes
  6 kobold demonologists
  9 komodo dragons
  A tengu conjurer (D:13)
  A polar bear (shapeshifter) (Elf:1)
  A queen bee (Lair:3)
  3 meliai (D:13)
  2 meliai (shapeshifter)
  9 trolls
  A hornet (D:7)
  Prince Ribbit (D:5)
  A blink frog (shapeshifter) (Elf:1)
  2 blink frogs (Lair:6)
  4 polar bears
  4 dream sheep
  6 slime creatures (D:12)
  7 wyverns
  A spriggan (Lair:1)
  2 shadows
  5 wraiths
  Sigmund (D:6)
  A fire bat (shapeshifter) (Elf:1)
  A basilisk (shapeshifter) (Elf:1)
  4 steam dragons
  A water elemental (Elf:1)
  19 yaks
  5 vampire mosquitoes (D:13)
  Menkaure (D:4)
  9 basilisks
  2 acid dragons (Lair:6)
  16 water moccasins
  5 wargs
  3 hell hounds (Lair:6)
  Duvessa (D:6)
  A black bear (D:6)
  7 ice beasts
  47 orc warriors
  2 sky beasts
  A necrophage (D:6)
  A black bear (shapeshifter) (D:14)
  11 ogres
  12 wolves
  10 centaurs
  3 phantoms
  6 kobold brigands
  8 bullfrogs
  2 gnoll sergeants
  2 elf zombies (Ossuary)
  2 scorpions
  An earth elemental (Elf:1)
  Dowan (D:6)
  A water moccasin skeleton (D:5)
  23 killer bees (Lair:3)
  7 wights
  A howler monkey (D:7)
  The ghost of sn0wgr3 the Skirmisher, a weakling GrFi (D:4)
  6 electric eels
  A jelly (D:5)
  3 quasits (D:8)
  5 centaur zombies
  2 hounds
  A centaur skeleton (D:6)
  A bullfrog skeleton (D:6)
  2 gnoll shamans (D:7)
  3 human zombies (Ossuary)
  18 orc priests
  5 iguanas
  41 orc wizards
  7 hell rats
  A hound zombie (D:5)
  3 mummies (Ossuary)
  11 adders
  20 gnolls
  15 river rats
  6 white imps
  3 ufetubi
  3 adder zombies (Ossuary)
  An adder skeleton (D:4)
  A worm (D:4)
  A dart slug (D:3)
  104 orcs
  19 ball pythons
  6 endoplasms
  5 giant cockroaches
  18 goblins
  7 hobgoblins
  9 jackals
  8 quokkas
  5 bats
  9 frilled lizards
  A gnoll zombie (Ossuary)
  4 goblin zombies (Ossuary)
  3 hobgoblin zombies (Ossuary)
  2 jackal zombies (Ossuary)
  12 kobolds
  3 kobold zombies (Ossuary)
  9 quokka zombies (Ossuary)
  26 rats
  3 rat zombies (Ossuary)
837 creatures vanquished.

Vanquished Creatures (others)
  An orc priest (D:8)
  18 fungi
  38 plants
57 creatures vanquished.

Grand Total: 894 creatures vanquished

Notes
Turn   | Place    | Note
-------+----------+-------------------------------------------
     0 | D:1      | Alarak the Minotaur Berserker began the quest for the Orb.
     0 | D:1      | Reached XP level 1. HP: 19/19 MP: 0/0
   214 | D:1      | Reached skill level 4 in Fighting
   363 | D:1      | Reached XP level 2. HP: 25/28 MP: 1/1
   947 | D:1      | Found a faded altar of an unknown god.
  1089 | D:2      | Reached skill level 5 in Fighting
  1168 | D:2      | Reached XP level 3. HP: 36/36 MP: 2/2
  1826 | D:3      | Reached ** piety under Trog
  1829 | D:3      | Reached XP level 4. HP: 43/44 MP: 3/3
  1830 | D:3      | Reached skill level 6 in Fighting
  1860 | D:3      | Found a snail-covered altar of Cheibriados.
  1885 | D:3      | Found a hide-covered altar of Uskayaw.
  1952 | D:3      | Found a glowing golden altar of the Shining One.
  2017 | D:3      | Reached XP level 5. HP: 51/51 MP: 4/4
  2018 | D:3      | Reached skill level 7 in Fighting
  2589 | D:4      | Found a staircase to the Ecumenical Temple.
  2701 | D:4      | Noticed Menkaure
  2706 | D:4      | Killed Menkaure
  2707 | D:4      | Reached skill level 8 in Fighting
  2707 | D:4      | Reached XP level 6. HP: 53/62 MP: 5/5
  2986 | D:4      | Found a large runed translucent door.
  2987 | D:4      | Found a large runed translucent door.
  3034 | D:4      | Reached skill level 9 in Fighting
  3058 | D:4      | Found a shimmering altar of Xom.
  3104 | D:4      | Noticed sn0wgr3's ghost (weakling GrFi)
  3138 | D:4      | Reached *** piety under Trog
  3478 | D:4      | Killed sn0wgr3's ghost
  3505 | D:5      | Entered Level 5 of the Dungeon
  3549 | D:5      | Noticed an ice beast
  3557 | D:5      | Killed an ice beast
  3558 | D:5      | Reached XP level 7. HP: 70/70 MP: 6/6
  3769 | D:5      | Found a glowing silver altar of Zin.
  3937 | D:5      | Found a broken altar of Ashenzari.
  3973 | D:5      | Reached skill level 5 in Armour
  4167 | D:5      | Found a glowing drain.
  4177 | Sewer    | Entered a sewer
  4543 | Sewer    | Reached **** piety under Trog
  4709 | Sewer    | Reached XP level 8. HP: 78/78 MP: 7/7
  5143 | D:5      | Noticed Prince Ribbit
  5150 | D:5      | Killed Prince Ribbit
  5307 | D:6      | Identified a scroll of acquirement
  5307 | D:6      | Acquired the +12 glaive of Prune {vorpal}
  5308 | D:6      | Found the +12 glaive of Prune {vorpal}
  5372 | D:6      | Noticed Sigmund
  5384 | D:6      | Reached skill level 1 in Polearms
  5701 | D:6      | Reached skill level 5 in Polearms
  5748 | D:6      | Reached XP level 9. HP: 84/84 MP: 8/8
  5752 | D:6      | Reached ***** piety under Trog
  5789 | D:6      | Killed Sigmund
  5924 | D:6      | Noticed Dowan
  5985 | D:6      | Killed Dowan
  6351 | D:6      | Noticed Duvessa
  6353 | D:6      | Killed Duvessa
  6757 | D:7      | Reached skill level 10 in Polearms
  7108 | D:7      | Found a flagged portal.
  7118 | Bailey   | Entered a bailey
  7199 | Bailey   | Noticed a kobold demonologist
  7203 | Bailey   | Noticed a sun demon
  7204 | Bailey   | Killed a kobold demonologist
  7220 | Bailey   | Noticed a kobold demonologist
  7226 | Bailey   | Killed a kobold demonologist
  7227 | Bailey   | Reached XP level 10. HP: 56/91 MP: 9/9
  7280 | Bailey   | Found an iron altar of Okawaru.
  8678 | Bailey   | Identified the +4 whip of Disharmony {drain, *Corrode Int+8
                  | Dex+3 Stlth+}
  9081 | D:8      | Found a sand-covered staircase.
  9091 | Ossuary  | Entered an ossuary
  9243 | Ossuary  | Received a gift from Trog
  9340 | D:8      | Found a transporter.
  9819 | D:8      | Noticed Psyche
  9842 | D:8      | Killed Psyche
  9949 | D:8      | Noticed Shym's ghost (novice MiBe)
  9959 | D:8      | Found a transporter.
 10398 | D:8      | Killed Shym's ghost
 10732 | D:9      | Found a blossoming altar of Fedhas.
 10735 | D:9      | Found an ancient bone altar of Kikubaaqudgha.
 10750 | D:9      | Found an iron altar of Okawaru.
 10854 | D:9      | Found a burning altar of Makhleb.
 11058 | D:9      | Reached XP level 11. HP: 90/97 MP: 10/10
 11138 | D:9      | Reached skill level 10 in Armour
 11271 | D:9      | Found a staircase to the Lair.
 11507 | D:10     | Entered Level 10 of the Dungeon
 12102 | D:10     | Noticed Maggie
 12107 | D:10     | Killed Maggie
 12226 | D:10     | Noticed a two-headed ogre
 12231 | D:10     | Killed a two-headed ogre
 12887 | D:11     | Found a staircase to the Orcish Mines.
 12941 | D:11     | Identified the +9 plate armour "Vais Sau" {Str+3}
 13015 | D:11     | Noticed a four-headed hydra
 13061 | D:11     | Killed a seven-headed hydra
 13229 | D:11     | Found a shadowy altar of Dithmenos.
 13256 | D:11     | Noticed a two-headed ogre
 13260 | D:11     | Killed a two-headed ogre
 13661 | D:12     | Noticed a red ugly thing
 13669 | D:12     | Killed a red ugly thing
 14185 | D:12     | Reached XP level 12. HP: 106/106 MP: 11/11
 14191 | D:12     | Reached skill level 10 in Fighting
 14192 | D:12     | Received a gift from Trog
 14579 | D:13     | Reached skill level 11 in Fighting
 14710 | D:13     | Reached ****** piety under Trog
 15031 | D:13     | Noticed an ice dragon
 15033 | D:13     | Reached skill level 12 in Fighting
 15035 | D:13     | Killed an ice dragon
 15075 | D:13     | Found a gate to the Vaults.
 15309 | D:13     | Noticed a boulder beetle
 15326 | D:13     | Reached skill level 13 in Fighting
 15334 | D:13     | Killed a boulder beetle
 15499 | D:14     | Found a gate leading to a gauntlet.
 15514 | D:14     | Reached skill level 14 in Fighting
 15586 | D:14     | Found a burning altar of Makhleb.
 15589 | D:14     | Noticed a centaur warrior
 15597 | D:14     | Killed a centaur warrior
 15888 | D:14     | Noticed a tengu warrior
 15901 | D:14     | Killed a tengu warrior
 17019 | Lair:1   | Entered Level 1 of the Lair of Beasts
 17064 | Lair:1   | Reached skill level 15 in Fighting
 17069 | Lair:1   | Reached XP level 13. HP: 126/126 MP: 12/12
 17536 | Lair:1   | Noticed Gastronok
 17546 | Lair:1   | Killed Gastronok
 17547 | Lair:1   | Reached skill level 15 in Polearms
 18734 | Lair:2   | You fall into a shaft and drop 1 floor!
 18790 | Lair:3   | Found a hole to the Spider Nest.
 18992 | Lair:3   | Found a staircase to the Shoals.
 19172 | Lair:3   | Reached skill level 1 in Evocations
 19232 | Lair:3   | Received a gift from Trog
 19871 | Lair:3   | Identified the +0 ring mail of Omission {Int+5 Stlth+}
 20213 | Lair:4   | You fall into a shaft and drop 2 floors!
 20213 | Lair:6   | Entered Level 6 of the Lair of Beasts
 20221 | Lair:6   | Reached skill level 5 in Evocations
 20817 | Lair:4   | Reached XP level 14. HP: 136/136 MP: 13/13
 21409 | Lair:5   | Reached skill level 16 in Fighting
 21895 | Lair:5   | Identified the +6 scale mail of Indecent Exposure {Slay+2}
 22098 | Lair:6   | Reached skill level 17 in Fighting
 22101 | Lair:6   | Received a gift from Trog
 22293 | Lair:6   | Found a runed translucent door.
 22293 | Lair:6   | Found a viscous altar of Jiyva.
 22293 | Lair:6   | Noticed an azure jelly
 22295 | Lair:6   | Found a staircase to the Slime Pits.
 22919 | Lair:6   | Reached skill level 18 in Fighting
 23448 | Lair:6   | Reached skill level 19 in Fighting
 23490 | Lair:6   | Received a gift from Trog
 23884 | Orc:1    | Entered Level 1 of the Orcish Mines
 24060 | Orc:1    | Reached XP level 15. HP: 148/152 MP: 14/14
 24098 | Orc:1    | Found Osiutuh's Jewellery Shoppe.
 24377 | Orc:1    | Found a transporter.
 24590 | Orc:2    | Entered Level 2 of the Orcish Mines
 24600 | Orc:2    | Received a gift from Trog
 24670 | Orc:2    | Noticed an orc warlord
 24685 | Orc:2    | Killed an orc warlord
 24759 | Orc:2    | Found a staircase to the Elven Halls.
 24825 | Orc:2    | Reached skill level 20 in Fighting
 25049 | Orc:2    | Found Fofum's Antique Armour Shop.
 25170 | Orc:2    | Found Calawk Cihoi's Jewellery Shoppe.
 25270 | Orc:2    | Noticed an orc warlord
 25346 | Orc:2    | Received a gift from Trog
 25492 | Orc:2    | Killed an orc warlord
 25543 | Orc:2    | Found Iveth's Antique Armour Shoppe.
 25545 | Orc:2    | Found Banwor's Antique Weapon Emporium.
 25915 | Elf:1    | Entered Level 1 of the Elven Halls
 26612 | Elf:1    | Received a gift from Trog
 27260 | Elf:1    | Noticed an iron dragon
 27269 | Elf:1    | Noticed an acid blob
 27271 | Elf:1    | Noticed a shadow dragon
 27271 | Elf:1    | an acid blob changed into a shadow dragon
 27382 | Elf:1    | Found a transporter.
 27390 | Elf:1    | Noticed a fenstrider witch
 27402 | Elf:1    | Found a transporter.
 27406 | Elf:1    | Noticed Zoiloeb's ghost (adept CeHu)
 27579 | Elf:1    | Noticed a shard shrike
 27580 | Elf:1    | Noticed a titan
 27580 | Elf:1    | a shard shrike changed into a titan
 27586 | Elf:1    | Noticed an iron giant
 27759 | Elf:1    | Slain by a polar bear (shapeshifter)

Illustrated notes

Levels and vault maps discovered:
D:1:      scummos_arrival_checkerplants, layout_basic,
          shapermc_ecumenical_altar_hornbeckon, minmay_indecisive_spiral
D:2:      layout_loops_cross
D:3:      layout_rooms, jmf_multi_god_temple, general_overflow_altar,
          hex_intersection
D:4:      layout_rooms, tgw_xom, minmay_temple_entry_tees,
          ebering_ghost_disaster_area, grunt_decor_fettered, uniq_menkaure
D:5:      layout_basic, kennysheep_little_box, overflow_temple_1_default,
          gup_sewer_entry_pipe, uniq_prince_ribbit1
D:6:      layout_loops_ring, uniq_duvessa, uniq_sigmund
D:7:      layout_rooms, enter_bailey_2, serial_bayou_ford_a,
          kennysheep_cross_room
D:8:      layout_cave_pools, serial_column_ruins, column_ruins_square_huge,
          column_ruins_hut_water, column_ruins_corridor_corner,
          column_ruins_open_tiny, column_ruins_open_small,
          column_ruins_columns_straight, column_ruins_open_small,
          column_ruins_corridor_corner, gammafunk_ghost_stat_death,
          lightli_ossuary_entry_decrepit_ruins, uniq_psyche
D:9:      layout_long_grid, grunt_temple_overflow_growth_and_decay,
          bloody_makhleb, okawaru_ov_weapons_minmay, david_lair_shrubbed
D:10:     layout_layer_cave, uniq_maggie
D:11:     layout_roguey, david_orc_2, grunt_dithmenos_shadows
D:12:     layout_basic, serial_aquarium, aquarium_bridge_long_separate
          [aquarium_subvault_bridge, aquarium_subvault_bridge,
          aquarium_subvault_wall, aquarium_subvault_balcony,
          aquarium_subvault_window, aquarium_subvault_bridge],
          aquarium_bridge_square [aquarium_subvault_wall,
          aquarium_subvault_bridge, aquarium_subvault_bridge,
          aquarium_subvault_window], aquarium_window_2, aquarium_window_2,
          aquarium_window_3, aquarium_window_fake, aquarium_view_2c,
          aquarium_view_4, aquarium_balcony_3a, aquarium_pool_split,
          nrook_guardian_serpent_ordinary
D:13:     layout_roguey, david_vaults_4, serial_glass, glass_columns_a,
          glass_columns_a, glass_columns_a, glass_columns_a, glass_columns_c,
          glass_columns_b, glass_columns_b, glass_columns_b, glass_columns_a,
          glass_columns_b, dk_noncrumbling_3
D:14:     layout_basic, gauntlet_entry_generic, lemuel_crystal_altar
Lair:1:   layout_cave_pods, grunt_forest_large_clearing_hut, grunt_megastairs_1,
          infiniplex_staircase_pool_2, uniq_gastronok
Lair:2:   layout_small_grid, gammafunk_ghost_arena, wad_woods_06,
          serial_bayou_pond_b
Lair:3:   layout_cave_shapes, elwin_shoals_entry_rocks,
          spider_nest_entry_web_field, special_room [special_room_bee],
          ice2_lemuel
Lair:4:   layout_concentric_octagons, st_stairs_8
Lair:5:   layout_gridlike, kennysheep_rathole
Lair:6:   hangedman_lair_in_review, layout_loops_ring, guppyfry_lair_end_dragon,
          slime_altar_2, special_room [special_room_mythical_zoo]
Orc:1:    emtedronai_trogs_sanctum, layout_diamond_mine,
          nicolae_orc_stony_grotto, minmay_shop_enchanted_jewellery,
          nicolae_orc_sculptors_studio
Orc:2:    grunt_orc_community_town_hall, layout_diamond_mine,
          grunt_orc_community_big_house_2, grunt_orc_community_big_house_1,
          grunt_orc_community_house_3, grunt_orc_community_house_2,
          grunt_orc_community_house_3, grunt_orc_community_house_2
Elf:1:    eino_elf_arrival_customs, layout_gridlike,
          gammafunk_ghost_berserking_beasts, evilmike_minifort,
          grunt_megastairs_4

Skill      XL: |  1  2  3  4  5  6  7  8  9 10 11 12 13 14 15 |
---------------+----------------------------------------------+-----
Fighting       | 4 5 6 8 9 15 19 20 | 20.5
Armour         | 4 8 9 14 | 14.4
Long Blades    | 6 |  6.4
Polearms       | 5 11 14 16 18 | 18.1
Dodging        | 3 |  3.4
Evocations     | 6 |  6.1

Action                   |  1- 3 |  4- 6 |  7- 9 | 10-12 | 13-15 || total
-------------------------+-------+-------+-------+-------+-------++-------
Melee: Falchion          |    24 |    68 |   128 |       |       ||   220
       Dagger            |    18 |       |       |       |       ||    18
       Headbutt          |     7 |    15 |    39 |    48 |   123 ||   232
       Glaive            |       |       |    98 |   432 |   803 ||  1333
Invok: Berserk           |     1 |     6 |    11 |    28 |    37 ||    83
       Trog's Hand       |       |       |     3 |     3 |     8 ||    14
Evoke: Wand              |       |       |       |       |    17 ||    17
  Use: Scroll            |     5 |       |     3 |    12 |    12 ||    32
       Potion            |       |       |       |       |     9 ||     9
 Stab: Distracted        |       |       |     3 |       |       ||     3
Armor: Animal skin       |     2 |       |       |       |       ||     2
       Ring mail         |     8 |    25 |    70 |     3 |       ||   106
       Plate armour      |       |       |       |   188 |   599 ||   787
       Skin              |       |       |       |     8 |       ||     8
Dodge: Dodged            |    29 |    39 |   135 |   121 |   297 ||   621
       Rpst.: Falchion   |     3 |    11 |    30 |       |       ||    44

Table legend: (Time is in decaauts)
 A = Elapsed time spent in this place.
 B = Non-inter-level travel time spent in this place.
 C = Inter-level travel time spent in this place.
 D = Time resting spent in this place.
 E = Time spent auto-exploring this place.
 F = Levels seen in this place.
 G = Mean time per level.
                   A        B        C        D        E       F      G
               +--------+--------+--------+--------+--------+-----+--------+
         Total |  28567 |  26281 |   2286 |   6282 |  16509 |  26 | 1098.7 |
       Dungeon |  15359 |  13745 |   1614 |   2732 |   9659 |  14 | 1097.1 |
          Lair |   6692 |   6215 |    477 |   1726 |   3599 |   6 | 1115.3 |
  Orcish Mines |   2283 |   2179 |    104 |    386 |   1360 |   2 | 1141.5 |
   Elven Halls |   1634 |   1545 |     89 |    364 |    956 |   1 | 1634.0 |
         Sewer |    736 |    736 |      0 |    249 |    267 |   1 |  736.0 |
       Ossuary |    239 |    239 |      0 |      0 |    142 |   1 |  239.0 |
        Bailey |   1621 |   1621 |      0 |    822 |    525 |   1 | 1621.0 |
               +--------+--------+--------+--------+--------+-----+--------+

Top non-repeatable levels by time:
  Lair:6: 1930 daAuts
   Elf:1: 1634 daAuts
  Bailey: 1621 daAuts
   Orc:2: 1569 daAuts
    D:14: 1494 daAuts
  Lair:1: 1465 daAuts
    D:10: 1422 daAuts
  Lair:3: 1294 daAuts
     D:9: 1290 daAuts
     D:6: 1258 daAuts
     D:5: 1199 daAuts
    D:13: 1185 daAuts
  Lair:4: 1133 daAuts
     D:1: 1094 daAuts
     D:8: 1071 daAuts
